 Dungeon Crawl Stone Soup version 0.31-a0-210-gccc998df9b (webtiles) character file.

Game seed: 16352503480625115593

918 qw the Skirmisher (level 7, -1/60 HPs)
             Began as a Minotaur Hexslinger on June 30, 2023.
             Was a Follower of Okawaru.
             Shot with an arrow by a centaur (14 damage)
             ... on level 5 of the Dungeon.
             The game lasted 00:01:41 (4292 turns).

qw the Skirmisher (Minotaur Hexslinger)             Turns: 4292, Time: 00:01:42

Health: -1/60      AC:  8    Str: 12    XL:     7   Next: 83%
Magic:  5/7        EV: 15    Int: 10    God:    Okawaru [*.....]
Gold:   259        SH:  0    Dex: 21    Spells: 7/8 levels left

rFire   . . .        Y - +2 sling
rCold   + . .        (no shield)
rNeg    . . .        e - +0 ring mail
rPois   .            (helmet restricted)
rElec   .            (no cloak)
rCorr   .            b - +1 pair of gloves
SInv    .            (no boots)
Will    .....        (no amulet)
Stlth   +++          g - +6 ring of dexterity
HPRegen 0.30/turn    l - ring of protection from cold
MPRegen 0.10/turn

%: no passive effects
@: about to teleport, heroic, marked
A: horns 2, retaliatory headbutt
a: Renounce Religion, Heroism


You were on level 5 of the Dungeon.
You worshipped Okawaru.
Okawaru was aware of your devotion.
You visited 1 branch of the dungeon, and saw 5 of its levels.
You also visited: Sewer.

You collected 259 gold pieces.


Innate Abilities, Weirdness & Mutations

You have a pair of horns on your head.
You reflexively headbutt those who attack you in melee.


   Skills:
 - Level 4.6(9.6) Fighting
 - Level 8.1(13.1) Ranged Weapons
 + Level 1.5(6.5) Armour
 - Level 3.2(8.2) Dodging
 - Level 1.0 Spellcasting
 - Level 2.0 Hexes
 + Level 2.3 Invocations


You had 7 spell levels left.
You knew the following spells:

 Your Spells              Type           Power      Damage    Failure   Level
a - Slow                  Hex            16%        N/A       30%         1

Your spell library contained the following spells:

 Spells                   Type           Power      Damage    Failure   Level
 Inner Flame              Hex/Fire       2%         N/A       80%         3
 Portal Projectile        Hex/Tloc       4%         N/A       80%         3
 Cause Fear               Hex            2%         N/A       97%         4

Inventory:

Hand Weapons
 Y - a +2 sling (weapon)
Armour
 b - a +1 pair of gloves (worn)
 e - a +0 ring mail (worn)
Jewellery
 g - a +6 ring of dexterity (left hand)
 l - a ring of protection from cold (right hand)
Scrolls
 a - a scroll of identify
 f - a scroll of teleportation
Potions
 c - a potion of cancellation
 d - 2 potions of enlightenment
 h - a potion of curing {unknown}
 i - a potion of attraction {unknown}
 k - a potion of might {unknown}

Dungeon Overview and Level Annotations

Branches:
Dungeon (5/15)              Sewer (visited)
 Temple: D:4-7

Altars:
Ashenzari
Kikubaaqudgha
Okawaru
Yredelemnul


Message History

The water moccasin is heavily wounded.
You feel sick.
The centaur shoots an arrow.
The arrow hits you!
The water moccasin bites you but does no damage.
The centaur shoots an arrow.
The arrow completely misses you.
The arrow hits the water moccasin!
You shoot a sling bullet.
The sling bullet hits the water moccasin.
You kill the water moccasin!
Okawaru accepts your kill.
You feel sick.
The centaur shoots an arrow.
The arrow closely misses you.
Your base Ranged Weapons skill increases to level 8!
Your Invocations skill increases to level 2!
You shoot a sling bullet. The sling bullet hits the centaur.
The centaur is lightly wounded.
You feel sick.
The centaur shoots an arrow.
The arrow completely misses you.
You shoot a sling bullet.
The sling bullet barely misses the centaur.
You feel sick.
The centaur shoots an arrow.
The arrow closely misses you.
4288 ||| READING 2 scrolls of teleportation.
As you read the scroll of teleportation, it crumbles to dust.
You feel strangely unstable.
You feel sick.
The centaur shoots an arrow.
The arrow hits you.
4289 ||| DRINKING potion of heal wounds.
You feel much better.
You feel sick.
The centaur shoots an arrow.
The arrow closely misses you.
A howler monkey comes into view.
You shoot a sling bullet. The sling bullet hits the centaur!
The centaur is moderately wounded.
You feel sick.
The centaur shoots an arrow.
The arrow hits you!
The centaur shoots an arrow.
The arrow closely misses you.
You shoot a sling bullet.
The sling bullet hits the centaur but does no damage.
The centaur is moderately wounded.
You feel sick.
You are no longer poisoned.
The centaur shoots an arrow.
The arrow barely misses you.
You shoot a sling bullet.
The sling bullet completely misses the centaur.
The centaur shoots an arrow.
The arrow hits you!
You die...

#.# #....# #.# ....#
##.# ....#
##..########.#.# #
..#........#.#c# #.#
##.)####.#.#.#.### h...
...............[.##....#
##.)##...##.........#
..).%....##..#.#@##....
##...........#.#.# .
#|####..##....... #.#
#..##..###... #.#
#..##.## ##(#. #.#
#..##.#####...#
##%####..##.#...#.#.#
.................##
##.###.###..#...##


You could see a centaur and a howler monkey.

Vanquished Creatures
  A water moccasin (D:5)
  A black bear (D:4)
  2 ogres
  2 bullfrogs (Sewer)
  3 scorpions
  A hound (D:4)
  A jelly (D:5)
  2 orc wizards
  6 adders
  2 worms
  2 dart slugs (D:1)
  6 orcs
  12 ball pythons
  14 endoplasms
  11 giant cockroaches
  4 goblins
  4 hobgoblins
  8 kobolds
  14 quokkas
  A bat (D:3)
  12 frilled lizards
  2 rats
111 creatures vanquished.

Notes
Turn   | Place    | Note
-------+----------+-------------------------------------------
     0 | D:1      | qw the Minotaur Hexslinger began the quest for the Orb.
     0 | D:1      | Reached XP level 1. HP: 16/16 MP: 1/1
     0 | D:1      | 0 ||| qw: Version: 0.3-a-26-gee661ec
     0 | D:1      | 0 ||| qw: Game counter: 7301
     0 | D:1      | 0 ||| qw: Melee chars always use a shield: true
     0 | D:1      | 0 ||| qw: God list: Okawaru
     0 | D:1      | 0 ||| qw: Allow faded altars: false
     0 | D:1      | 0 ||| qw: Do Orc after clearing Dungeon:15 true
     0 | D:1      | 0 ||| qw: Do second Lair branch before Depths: true
     0 | D:1      | 0 ||| qw: Lair rune preference: random
     0 | D:1      | 0 ||| qw: Goals: Normal
     0 | D:1      | 0 ||| PLANNING D:1-11
     5 | D:1      | 5 ||| FLEEEEING.
     6 | D:1      | 6 ||| FLEEEEING.
     7 | D:1      | 7 ||| FLEEEEING.
   116 | D:1      | Reached skill level 3 in Ranged Weapons
   116 | D:1      | Reached XP level 2. HP: 23/23 MP: 2/2
   605 | D:1      | Reached XP level 3. HP: 29/29 MP: 3/3
   885 | D:1      | 885 ||| UPGRADING to +0 ring mail.
   895 | D:1      | 895 ||| DROPPING +0 robe.
   896 | D:1      | 896 ||| UPGRADING to +6 ring of dexterity.
   897 | D:1      | 897 ||| DROPPING ring of magical power.
   898 | D:1      | 898 ||| READING scroll labelled UCARHO KAOBO.
   899 | D:1      | 899 ||| READING scroll labelled AVIMIL OQYXI.
   900 | D:1      | 900 ||| READING scroll labelled RUAGUGUXAZ.
   901 | D:1      | 901 ||| READING scroll labelled MOKHLE ECEPS.
   906 | D:1      | 906 ||| READING scroll labelled NUDDEUVION.
   907 | D:1      | 907 ||| DROPPING scroll of poison.
  1018 | D:2      | Reached skill level 4 in Ranged Weapons
  1137 | D:2      | Reached skill level 1 in Armour
  1321 | D:2      | Identified the +7 dagger "Leviticus" {heavy, Dex+3 SInv
                  | Stlth+}
  1392 | D:2      | 1392 ||| UPGRADING to +0 pair of gloves.
  1397 | D:2      | 1397 ||| READING scroll labelled XOTOL CIFFO.
  1432 | D:3      | 1432 ||| PLANNING SEWER
  1680 | D:3      | Found a basalt altar of Yredelemnul.
  1850 | D:3      | Reached XP level 4. HP: 36/36 MP: 4/4
  2123 | D:3      | 2123 ||| Stepping ~*~*~tactically~*~*~ (water).
  2154 | D:3      | Found a glowing drain.
  2161 | D:3      | 2161 ||| DRINKING 2 smoky black potions.
  2167 | Sewer    | Entered a sewer
  2182 | Sewer    | 2182 ||| Stepping ~*~*~tactically~*~*~ (water).
  2229 | Sewer    | 2229 ||| Stepping ~*~*~tactically~*~*~ (water).
  2239 | Sewer    | 2239 ||| Stepping ~*~*~tactically~*~*~ (water).
  2255 | Sewer    | 2255 ||| Stepping ~*~*~tactically~*~*~ (water).
  2270 | Sewer    | Reached skill level 5 in Ranged Weapons
  2282 | Sewer    | 2282 ||| Stepping ~*~*~tactically~*~*~ (water).
  2286 | Sewer    | 2286 ||| Stepping ~*~*~tactically~*~*~ (water).
  2330 | Sewer    | 2330 ||| Stepping ~*~*~tactically~*~*~ (water).
  2362 | Sewer    | 2362 ||| Stepping ~*~*~tactically~*~*~ (water).
  2364 | Sewer    | Reached XP level 5. HP: 42/42 MP: 5/5
  2366 | Sewer    | 2366 ||| Stepping ~*~*~tactically~*~*~ (water).
  2389 | Sewer    | 2389 ||| Stepping ~*~*~tactically~*~*~ (water).
  2437 | Sewer    | Reached skill level 3 in Fighting
  2454 | Sewer    | 2454 ||| Stepping ~*~*~tactically~*~*~ (water).
  2456 | Sewer    | 2456 ||| Stepping ~*~*~tactically~*~*~ (water).
  2458 | Sewer    | 2458 ||| Stepping ~*~*~tactically~*~*~ (water).
  2461 | Sewer    | 2461 ||| Stepping ~*~*~tactically~*~*~ (water).
  2471 | Sewer    | Reached skill level 6 in Ranged Weapons
  2471 | Sewer    | Reached XP level 6. HP: 25/51 MP: 6/6
  2573 | Sewer    | 2573 ||| READING 2 scrolls of identify.
  2573 | Sewer    | 2573 ||| IDENTIFYING fuming sapphire potion
  2588 | D:3      | 2588 ||| PLANNING D:1-11
  2680 | D:4      | 2680 ||| READING scroll of enchant armour.
  2680 | D:4      | 2680 ||| ENCHANTING +0 pair of gloves.
  2892 | D:4      | Found a broken altar of Ashenzari.
  2892 | D:4      | Found an iron altar of Okawaru.
  2893 | D:4      | 2893 ||| PLANNING OKAWARU WORSHIP
  2893 | D:4      | 2893 ||| READING scroll labelled EGUXUR KAJAISS.
  2894 | D:4      | 2894 ||| READING 2 scrolls of identify.
  2894 | D:4      | 2894 ||| IDENTIFYING dark potion
  2898 | D:4      | Became a worshipper of Warmaster Okawaru
  2899 | D:4      | 2899 ||| PLANNING D:1-11
  3189 | D:4      | Found an ancient bone altar of Kikubaaqudgha.
  3351 | D:4      | Reached skill level 7 in Ranged Weapons
  3351 | D:4      | Reached XP level 7. HP: 43/60 MP: 7/7
  4107 | D:4      | 4107 ||| DROPPING +1 pair of gloves.
  4108 | D:4      | 4108 ||| UPGRADING to ring of protection from cold.
  4129 | D:5      | Entered Level 5 of the Dungeon
  4137 | D:5      | Reached * piety under Okawaru
  4138 | D:5      | Reached skill level 3 in Dodging
  4138 | D:5      | 4138 ||| INVOKING Heroism.
  4178 | D:5      | Reached skill level 1 in Invocations
  4283 | D:5      | 4283 ||| INVOKING Heroism.
  4286 | D:5      | Reached skill level 8 in Ranged Weapons
  4287 | D:5      | HP: 15/60 [poisoned by a water moccasin]
  4288 | D:5      | 4288 ||| READING 2 scrolls of teleportation.
  4289 | D:5      | 4289 ||| DRINKING potion of heal wounds.
  4292 | D:5      | Shot with an arrow by a centaur

Levels and vault maps discovered:
D:1:      dpeg_arrival_central, layout_basic
D:2:      layout_basic, hex_medium
D:3:      layout_loops_ring, yredelemnul_altar_generic, gup_sewer_entry_bubbles,
          kennysheep_generic_room_8
D:4:      layout_layer_cave, mainiacjoe_overflow_six_doors_small,
          gammafunk_temple_overflow_elements, corexii_corridor_pit
D:5:      layout_loops_ring, mainiacjoe_overflow_swirl,
          minmay_temple_entry_enclosed_plants

Skill      XL: |  1  2  3  4  5  6  7 |
---------------+----------------------+-----
Ranged Weapons | 3 4 5 6 7 8 |  8.1
Fighting       | 2 3 4 |  4.6
Armour         | 1 |  1.5
Dodging        | 3 |  3.2
Invocations    | 2 |  2.3
Spellcasting   | |  1.0
Hexes          | |  2.0

Action                     |  1- 3 |  4- 6 |  7- 9 || total
---------------------------+-------+-------+-------++-------
   Fire: Sling             |   136 |   192 |    55 ||   383
 Invoke: Heroism           |       |       |     2 ||     2
    Use: Scroll            |     6 |     4 |     1 ||    11
         Potion            |       |     1 |     1 ||     2
 Armour: Robe              |     4 |       |       ||     4
         Ring mail         |     3 |    38 |    20 ||    61
  Dodge: Dodged            |    40 |    70 |    26 ||   136

Table legend:
 A = Non-vault XP
 B = Vault XP
 C = Vault XP percentage of total XP
 D = Non-vault monster count
 E = Vault monster count
 F = Vault count percentage of total count
                 A         B        C        D         E       F
            +---------+---------+-------+---------+---------+-------
      Total |    1002 |     310 |  23.6 |      62 |      49 |  44.1
            +---------+---------+-------+---------+---------+-------
        D:1 |      46 |       0 |   0.0 |      25 |       0 |   0.0
        D:2 |      39 |       0 |   0.0 |       7 |       0 |   0.0
        D:3 |      19 |      14 |  42.4 |       9 |       8 |  47.1
        D:4 |     430 |       0 |   0.0 |      12 |       0 |   0.0
        D:5 |     468 |       0 |   0.0 |       9 |       0 |   0.0
      Sewer |       0 |     296 | 100.0 |       0 |      41 | 100.0
            +---------+---------+-------+---------+---------+-------
